Map: Frost LE

Players

Zapp - Winner!

  • Race: Terran Terran
  • Spawn Location: 5:00

Fropez

  • Race: Protoss Protoss
  • League: Silver
  • Spawn Location: 11:00

VOD

Have the link to the VOD?

Description

Time

  • Played on: July 1, 2016, 9:31 p.m.
  • Length: 8:42
Show
View Real Time Build Order
Export as new Build Order

Zapp Terran - Winner!

Build Orders: Mech 

Get SALT Encoding   

  12  0:01  SCV  
  13  0:13  SCV  
  14  0:17  Supply Depot  
  14  0:25  SCV  
  15  0:38  SCV  
  15  0:40  Barracks  
  16  0:45  Refinery  
  16  0:51  SCV  
  17  1:03  SCV  
  18  1:17  SCV  
  19  1:28  Supply Depot  
  19  1:31  Orbital Command  
  19  1:32  Barracks Reactor  
  19  1:56  Bunker  
  19  1:57  SCV  
  20  2:08  Marine x2  
  20  2:09  SCV  
  23  2:21  SCV  
  24  2:25  Factory  
  24  2:26  Marine x2  
  26  2:33  SCV  
  27  2:45  SCV, Command Center  
  27  2:46  Supply Depot  
  27  2:50  Marine x2  
  30  3:01  SCV  
  30  3:05  Refinery  
  30  3:08  Marine x2  
  30  3:11  Starport  
  32  3:14  Factory Tech Lab  
  32  3:19  Supply Depot  
  32  3:27  Marine x2, SCV  
  35  3:38  Cyclone  
  35  3:41  SCV  
  40  3:45  Engineering Bay  
  40  3:50  Medivac  
  42  3:58  Orbital Command  
  42  4:07  Marine x2  
  44  4:15  Widow Mine  
  44  4:16  Mag-Field Accelerator  
  46  4:17  Orbital Command  
  46  4:21  SCV, Liberator  
  47  4:33  SCV  
  48  4:39  Marine  
  48  4:40  Marine  
  48  4:43  Widow Mine  
  48  4:44  SCV  
  56  4:49  SCV  
  57  4:56  SCV, Supply Depot  
  58  5:05  SCV  
  59  5:08  SCV  
  59  5:09  Marine x2  
  59  5:13  Liberator  
  62  5:17  Widow Mine  
  62  5:18  SCV  
  67  5:30  Marine  
  67  5:31  Marine  
  70  5:38  Supply Depot  
  70  5:40  Refinery  
  70  5:41  Supply Depot, Refinery  
  70  5:46  Command Center  
  70  5:56  Liberator  
  70  5:59  SCV x2, Widow Mine  
  74  6:06  Marine  
  74  6:07  Marine  
  79  6:18  Missile Turret  
  79  6:20  Hi-Sec Auto Tracking  
  79  6:24  SCV, Missile Turret  
  79  6:25  SCV  
  81  6:26  Missile Turret  
  81  6:29  Supply Depot  
  81  6:41  SCV x2  
  81  6:44  Missile Turret  
  83  6:47  Siege Tank  
  83  6:50  Marine x2  
  83  6:53  SCV  
  89  6:55  Factory  
  89  6:56  Factory  
  87  7:05  Orbital Command  
  87  7:13  Command Center  
  87  7:17  Liberator  
  87  7:29  Supply Depot  
  86  7:33  Marine  
  86  7:34  Marine, Siege Tank  
  94  7:49  Supply Depot  
  94  7:55  Orbital Command  
  94  7:56  Supply Depot  
  94  7:59  SCV, Supply Depot  
  95  8:11  Widow Mine, Ghost Academy  
  97  8:14  Refinery x2  
  97  8:15  Missile Turret  
  97  8:16  Missile Turret  
  97  8:17  Barracks Tech Lab  
  97  8:19  Starport Tech Lab  
  97  8:20  SCV x2  
Show
View Real Time Build Order
Export as new Build Order

Fropez Protoss 

Build Orders:  

Get SALT Encoding   

  12  0:02  Probe (Chrono Boost)  
  13  0:17  Pylon  
  13  0:18  Probe (Chrono Boost)  
  14  0:29  Probe (Chrono Boost)  
  15  0:37  Gateway  
  15  0:40  Probe (Chrono Boost)  
  16  0:48  Assimilator  
  16  0:54  Probe (Chrono Boost)  
  17  1:00  Pylon  
  17  1:05  Probe (Chrono Boost)  
  18  1:14  Gateway  
  19  1:29  Cybernetics Core  
  19  1:30  Probe (Chrono Boost)  
  19  1:41  Probe (Chrono Boost)  
  20  1:48  Pylon  
  20  1:53  Probe (Chrono Boost)  
  21  2:06  Pylon, Warp Gate (Chrono Boost)  
  21  2:10  Adept  
  21  2:11  Adept  
  25  2:26  Probe (Chrono Boost)  
  26  2:36  Assimilator  
  26  2:37  Probe  
  27  2:49  Adept, Mothership Core  
  31  2:56  Adept  
  33  2:58  Gateway  
  33  3:10  Probe  
  34  3:16  Adept  
  36  3:24  Adept  
  36  3:25  Pylon, Probe  
  39  3:34  Pylon  
  39  3:43  Probe  
  40  4:08  Forge  
  40  4:10  Probe  
  40  4:12  Stargate  
  41  4:17  Gateway  
  41  4:24  Adept  
  41  4:25  Adept x2  
  41  4:29  Probe  
  48  4:44  Protoss Ground Weapons Level 1 (Chrono Boost)  
  48  4:45  Pylon  
  48  4:49  Pylon  
  48  4:56  Twilight Council  
  48  5:00  Probe  
  49  5:23  Probe  
  49  5:25  Phoenix (Chrono Boost)  
  52  5:49  Phoenix (Chrono Boost)  
  54  5:58  Nexus  
  42  6:06  Pylon  
  42  6:13  Robotics Facility  
  42  6:36  Probe  
  43  7:09  Probe  
  43  7:11  Probe  
  41  7:18  Observer  
  32  7:31  Probe  
  32  7:32  Probe  
  32  7:36  Assimilator  
  32  7:38  Assimilator  
  32  7:42  Probe, Gateway  
  32  7:43  Gateway  
  27  7:50  Probe  
  28  7:52  Probe  
  29  8:06  Immortal (Chrono Boost)  
  29  8:08  Probe  
  29  8:09  Probe  
  35  8:18  Probe  
Tags
 
Composition
Mech
League
Silver
Matchup
PvT
Replay Pack
All Mines
Spawn Locations
Cross Positions
Add a new tag
Caveats
  • Supply blocks, unpowered buildings, or Contaminate may cause inaccurate times.
  • Supply counts are checked every 10 seconds.